 Dungeon Crawl Stone Soup version 0.26-a0-542-gbaa144ba5c (webtiles) character file.

Game seed: 11180858169583605887

1871 ReteAZ the Martial Artist (level 9, -2/56 HPs)
             Began as an Octopode Fighter on Aug 17, 2020.
             Slain by an ice beast (13 damage)
             ... on level 6 of the Dungeon.
             The game lasted 00:08:19 (7327 turns).

ReteAZ the Martial Artist (Octopode Fighter)        Turns: 7327, Time: 00:08:20

Health: -2/56      AC:  1    Str: 15    XL:     9   Next: 13%
Magic:  9/9        EV: 15    Int: 10    God:
Gold:   390        SH:  8    Dex: 15    Spells: 8/8 levels left

rFire    . . .     SeeInvis .     - Unarmed
rCold    . . .     Faith    .   a - +0 kite shield
rNeg     . . .     Spirit   .   (helmet restricted)
rPois    .         Reflect  .   (no amulet)
rElec    .         Harm     .   (no ring)
rCorr    .                      (no ring)
MR       .....                  (no ring)
Stlth    ++........             (no ring)
HPRegen  0.18/turn              (no ring)
MPRegen  0.11/turn              (no ring)
                                (no ring)
                                (no ring)

@: lightly drained
A: almost no armour, stealthy swim, amphibious, 8 rings, constrict 8, camouflage
1, gelatinous body 1
a: no special abilities


You were on level 6 of the Dungeon.
You visited 1 branch of the dungeon, and saw 7 of its levels.

You collected 390 gold pieces.

Inventory:

Hand Weapons
 y - a +1 long sword of flaming
Missiles
 n - 9 poisoned darts (quivered)
Armour
 a - a +0 kite shield (worn)
Jewellery
 c - an uncursed ring of poison resistance {unknown}
 r - an uncursed ring of protection from fire {unknown}
 v - an uncursed ring of flight {unknown}
Scrolls
 b - a scroll of vulnerability {unknown}
 e - 8 scrolls of identify {unknown}
 f - 5 scrolls of remove curse {unknown}
 h - 3 scrolls of enchant armour {unknown}
 i - 2 scrolls of fear {unknown}
 j - a scroll of enchant weapon {unknown}
 o - a scroll of blinking {unknown}
 q - a scroll of magic mapping {unknown}
 s - 4 scrolls of teleportation {unknown}
 t - a scroll of noise {unknown}
Potions
 d - 2 potions of degeneration {unknown}
 g - a potion of resistance {unknown}
 k - 3 potions of mutation {unknown}
 l - 2 potions of curing {unknown}
 m - 2 potions of heal wounds {unknown}
 p - a potion of lignification {unknown}
 u - a potion of magic {unknown}
 w - a potion of invisibility {unknown}
 x - a potion of cancellation {unknown}


   Skills:
 - Level 3.0(2.7) Fighting
 + Level 7.1(6.8) Dodging
 - Level 3.0(2.7) Shields
 + Level 9.8(9.5) Unarmed Combat


You had 8 spell levels left.
You didn't know any spells.
Your spell library contained the following spells:

 Spells                   Type           Power        Failure   Level
 Confusing Touch          Hex            #.......     99%         3
 Gell's Gravitas          Tloc           #.........   99%         3
 Petrify                  Tmut/Erth      #.......     100%        4
 Metabolic Englaciation   Hex/Ice        #.........   100%        5
 Yara's Violent Unravell  Hex/Tmut       #.........   100%        5


Dungeon Overview and Level Annotations

Branches:
Dungeon (7/15)
 Temple: D:4-7

Altars:
Qazlal
Ru
Trog
Wu Jian
Xom
Yredelemnul
Zin
The Shining One

Shops:
D:5 [

Annotations:
D:5 Blork the orc


Innate Abilities, Weirdness & Mutations

You cannot wear most types of armour.
You are very stealthy in the water. (Stealth+)
You are amphibious.
You can wear up to eight rings at the same time.
You can use your tentacles to constrict eight enemies at once.
Your skin changes colour to match your surroundings (Stealth+).
Your rubbery body absorbs attacks. (AC +1, EV +1)


Message History

Unknown command.
Fire/throw which item? (* to show all) (? for menu, Esc to quit)
Okay, then.
Unknown command.
You aren't carrying any items that you can evoke.
Unknown command.
A sky beast appears from thin air!
Reactivating autopickup.
There is a stone staircase leading up here.
You climb upwards.
There is a stone staircase leading down here.
You tentacle-slap the ice beast.
The ice beast is severely wounded.
The ice beast misses you.
You barely miss the ice beast. You squeeze the ice beast.
The ice beast is almost dead.
The ice beast hits you.
* * * LOW HITPOINT WARNING * * *
The ice beast freezes you!
You die...

##........# #.......
#.........### ###.......
##........[.# #.........
##.#.......### #....._..#
###..<......#####.>......#
##...............#......#
####..............###....).#
##..................#...#####
#.....##.#..@Y..........#####
###............###..###...#.#
#...#...............##...... ###
#..##...##......##.......... ..#
#..#..........<.#......##..#
..####..........#.##.............
...#...........##.##.............
.......[..........##.............
.........#.....#......##.........


You could see an ice beast.

Vanquished Creatures
  Maggie (D:7)
  Prince Ribbit (D:5)
  Edmund (D:6)
  An ogre (D:5)
  2 centaurs
  A big kobold (D:4)
  A bullfrog (D:6)
  A scorpion (D:5)
  2 hounds (D:4)
  3 orc priests
  A quasit (D:4)
  A centaur skeleton (D:6)
  A bullfrog skeleton (D:6)
  An iguana (D:7)
  3 orc wizards
  4 worker ants
  3 hell rats (D:7)
  9 gnolls
  8 adders
  6 river rats (D:7)
  2 oozes (D:4)
  An adder skeleton (D:6)
  2 worms
  2 dart slugs
  A leopard gecko (D:3)
  14 orcs
  4 giant cockroaches
  6 goblins
  6 hobgoblins
  6 quokkas
  A ball python (D:1)
  10 bats
  5 frilled lizards
  3 goblin skeletons (D:5)
  A goblin zombie (D:5)
  2 hobgoblin zombies (D:5)
  A jackal skeleton (D:5)
  A jackal zombie (D:6)
  12 kobolds
  A kobold skeleton (D:5)
  A kobold zombie (D:5)
  2 orc skeletons (D:5)
  21 rats
156 creatures vanquished.

Notes
Turn   | Place    | Note
-------+----------+-------------------------------------------
     0 | D:1      | ReteAZ the Octopode Fighter began the quest for the Orb.
     0 | D:1      | Reached XP level 1. HP: 16/16 MP: 1/1
   118 | D:1      | Reached XP level 2. HP: 14/21 MP: 2/2
   126 | D:1      | Reached skill level 3 in Unarmed Combat
   504 | D:1      | Reached XP level 3. HP: 17/26 MP: 3/3
  1064 | D:2      | Reached skill level 4 in Unarmed Combat
  1210 | D:2      | Reached XP level 4. HP: 26/31 MP: 4/4
  1402 | D:2      | Found a faded altar of an unknown god.
  1636 | D:2      | Found an ornate altar of the Wu Jian Council.
  1979 | D:3      | Found a bloodstained altar of Trog.
  2135 | D:3      | Reached skill level 5 in Unarmed Combat
  2135 | D:3      | Reached XP level 5. HP: 22/36 MP: 5/5
  3080 | D:4      | Reached skill level 6 in Unarmed Combat
  3199 | D:4      | Reached XP level 6. HP: 38/42 MP: 6/6
  3640 | D:4      | Reached skill level 7 in Unarmed Combat
  4078 | D:4      | Reached XP level 7. HP: 46/46 MP: 7/7
  4148 | D:4      | Found a shimmering altar of Xom.
  4150 | D:4      | Found a glowing silver altar of Zin.
  4150 | D:4      | Found a sacrificial altar of Ru.
  4152 | D:4      | Found a shimmering altar of Xom.
  4152 | D:4      | Found a bloodstained altar of Trog.
  4152 | D:4      | Found a glowing golden altar of the Shining One.
  4522 | D:5      | Entered Level 5 of the Dungeon
  4553 | D:5      | Noticed Prince Ribbit
  4589 | D:5      | Found Iwin Cip's Armour Shop.
  4663 | D:5      | Found a basalt altar of Yredelemnul.
  5008 | D:5      | Killed Prince Ribbit
  5008 | D:5      | Reached skill level 8 in Unarmed Combat
  5067 | D:5      | Reached XP level 8. HP: 52/52 MP: 8/8
  5173 | D:5      | Found a glowing golden altar of the Shining One.
  5219 | D:4      | Reached skill level 5 in Dodging
  5753 | D:5      | Noticed Blork the orc
  5966 | D:6      | Found a stormy altar of Qazlal.
  5967 | D:6      | Noticed Edmund
  5980 | D:6      | Killed Edmund
  6061 | D:6      | Found a shimmering altar of Xom.
  6061 | D:6      | Found a glowing silver altar of Zin.
  6061 | D:6      | Noticed an angel
  6255 | D:6      | Reached skill level 9 in Unarmed Combat
  6642 | D:7      | Noticed Maggie
  6651 | D:7      | Killed Maggie
  6651 | D:7      | Reached XP level 9. HP: 32/56 MP: 9/9
  7327 | D:6      | Slain by an ice beast

Illustrated notes

Levels and vault maps discovered:
D:1:      lemuel_arrival_funnel, layout_loops_ring
D:2:      layout_loops_ring, lemuel_round_altar,
          chequers_ecumenical_altar_island
D:3:      layout_basic, lightli_temple_of_fire, minmay_unequal
D:4:      layout_loops_ring, minmay_misc_feat_hallway, doesnt_xom_only_xom
D:5:      layout_rooms, lemuel_round_altar, nicolae_tso_besieged_by_evil,
          minmay_temple_entry_nine_rooms, serial_shops, kennysheep_mini_moat,
          uniq_prince_ribbit1, uniq_blork_the_orc
D:6:      layout_cave_pools, grunt_temple_overflow_order_and_chaos_1,
          basic_altar, uniq_edmund
D:7:      lemuel_ratsnest, layout_loops_corners, nicolae_overflow_hidden_temple,
          serial_park_tiny_pond, uniq_maggie

Skill      XL: |  1  2  3  4  5  6  7  8  9 |
---------------+----------------------------+-----
Unarmed Combat | 3 4 5 6 7 8 9 |  9.8
Dodging        | 4 6 7 |  7.1
Fighting       | |  3.0
Shields        | |  3.0

Action                   |  1- 3 |  4- 6 |  7- 9 || total
-------------------------+-------+-------+-------++-------
Melee: Unarmed           |    66 |   116 |   196 ||   378
       Tentacles         |    14 |    26 |    33 ||    73
       Constrict         |    21 |    27 |    44 ||    92
       Punch             |       |     2 |    12 ||    14
Throw: Dart              |       |       |    27 ||    27
  Use: Potion            |       |       |     1 ||     1
 Stab: Sleeping          |     6 |     6 |     4 ||    16
Armor: Skin              |     5 |     5 |     7 ||    17
Dodge: Dodged            |    19 |    31 |    76 ||   126
Block: Kite shield       |    23 |    37 |    90 ||   150

Table legend: (Time is in decaauts)
 A = Elapsed time spent in this place.
 B = Non-inter-level travel time spent in this place.
 C = Inter-level travel time spent in this place.
 D = Time resting spent in this place.
 E = Time spent auto-exploring this place.
 F = Levels seen in this place.
 G = Mean time per level.
                   A        B        C        D        E       F      G
               +--------+--------+--------+--------+--------+-----+--------+
         Total |   7314 |   7060 |    254 |   1345 |   4458 |   7 | 1044.9 |
       Dungeon |   7314 |   7060 |    254 |   1345 |   4458 |   7 | 1044.9 |
               +--------+--------+--------+--------+--------+-----+--------+

Top non-repeatable levels by time:
     D:4: 1556 daAuts
     D:3: 1193 daAuts
     D:2: 1131 daAuts
     D:1: 1029 daAuts
     D:5: 1009 daAuts
     D:6: 704 daAuts
     D:7: 689 daAuts
